 Dungeon Crawl Stone Soup version 0.24-a0-434-gd57e52fea8 (webtiles) character file.

Game seed: 14241231682230351382

27 mhoghedin the Stinger (level 2, -1/20 HPs)
             Began as a Draconian Venom Mage on June 16, 2019.
             Killed by nerve-wracking pain
             ... invoked by Jessica
              (13 damage)
             ... on level 2 of the Dungeon.
             The game lasted 00:03:07 (1585 turns).

mhoghedin the Stinger (Draconian Venom Mage)        Turns: 1585, Time: 00:03:08

Health: -1/20      AC:  4    Str: 10    XL:     2   Next: 93%
Magic:  5/5        EV: 12    Int: 15    God:
Gold:   79         SH:  0    Dex: 11    Spells: 2/5 levels left

rFire    . . .     SeeInvis .   f - +2 whip (flame)
rCold    . . .     Gourm    .   (no shield)
rNeg     . . .     Faith    .   (armour unavailable)
rPois    .         Spirit   .   (helmet restricted)
rElec    .         Reflect  .   (no cloak)
rCorr    .         Harm     .   (no gloves)
MR       .....                  (no boots)
Stlth    ++........             (no amulet)
HPRegen  0.06/turn              (no ring)
MPRegen  0.09/turn              (no ring)

@: no status effects
A: unfitting armour, cold-blooded, AC +4
a: no special abilities


You were on level 2 of the Dungeon.
You were not hungry.

You visited 1 branch of the dungeon, and saw 2 of its levels.

You collected 79 gold pieces.

Inventory:

Hand Weapons
 a - a +0 dagger
   (You found it on level 1 of the Dungeon)
 f - a +2 whip of flaming (weapon)
   (You found it on level 1 of the Dungeon)
Scrolls
 c - 2 scrolls of enchant weapon {unknown}
 d - 2 scrolls of remove curse {unknown}
 e - a scroll of identify {unknown}
 g - a scroll of blinking {unknown}
 i - a scroll of teleportation {unknown}
 k - a scroll of enchant armour {unknown}
Potions
 h - a potion of cancellation {unknown}
 j - 2 potions of agility {unknown}
Comestibles
 b - 3 rations


   Skills:
 - Level 1.7 Dodging
 - Level 1.7 Stealth
 - Level 2.0 Spellcasting
 - Level 1.0 Conjurations
 + Level 4.2 Poison Magic


You had 2 spell levels left.
You knew the following spells:

 Your Spells              Type           Power        Failure   Level  Hunger
a - Sting                 Conj/Pois      #...         8%          1    #......
b - Poisonous Vapours     Pois/Air       #.....       14%         2    ###....

Your spell library contained the following spells:

 Spells                   Type           Power        Failure   Level  Hunger
 Mephitic Cloud           Conj/Pois/Air  #.......     32%         3    ###....
 Olgreb's Toxic Radiance  Pois           ##......     36%         4    #####..
 Venom Bolt               Conj/Pois      #.........   91%         5    ######.


Dungeon Overview and Level Annotations

Branches:
Dungeon (2/15)

Altars:

Annotations:
D:2 Jessica


Innate Abilities, Weirdness & Mutations

Your plain brown scales are hard. (AC +4)
You cannot fit into any form of body armour.
You are cold-blooded and may be slowed by cold attacks.


Message History

You butcher the rat corpse.
Things that are here:
a chunk of flesh {@w0}; a rat skeleton The bat hits you but does no damage.
The bat barely misses you.
You miss the bat.
Your tail-slap misses the bat.
The bat closely misses you. The bat completely misses you.
You see here 3 gold pieces.
The bat closely misses you. The bat barely misses you.
You see here 3 gold pieces.
You closely miss the bat. The bat misses you.
You hit the bat. You burn the bat.
You kill the bat!
You swing at nothing.
You now have 73 gold pieces (gained 3).
You see here a bat corpse.
i - a chunk of flesh {@w0} You see here a rat skeleton.
You see here a bat corpse.
You butcher the bat corpse.
i - 2 chunks of flesh {@w0} (gained 1)
You see here a bat skeleton.
You start resting.
Eating one of 2 chunks of flesh {@w0}.
You eat one of the 2 chunks of flesh {@w0}.
Health restored: 20 You see here a bat skeleton.
You see here a rat skeleton.
You see here a spear.
You now have 79 gold pieces (gained 6).
A leopard gecko comes into view.
The leopard gecko hisses angrily.
A leopard gecko is nearby!
Aim: a leopard gecko The sting hits the leopard gecko.
The leopard gecko is poisoned.
You kill the leopard gecko!
You now have 4/5 mp.
You can't see any susceptible monsters within range! (Use Z to cast anyway.)
Okay, then.
j - 2 black potions
k - a scroll labeled ROTOTO XERE MP restored: 5 A bat comes into view.
The bat moves out of view.
The bat is too close now for your liking.
A bat is nearby!
Unknown command.
The bat hits you but does no damage.
You closely miss the bat. The bat hits you but does no damage.
The bat closely misses you.
You miss the bat. The bat barely misses you. x2
You barely miss the bat. The bat misses you.
The bat hits you but does no damage. The bat closely misses you.
The bat barely misses you. The bat hits you but does no damage.
You closely miss the bat.
Your tail-slap misses the bat.
The bat closely misses you.
You closely miss the bat. The bat hits you but does no damage.
The bat barely misses you. The bat closely misses you.
You whack the bat! You burn the bat.
You kill the bat!
No target in view!
No target in view!
No target in view!
No target in view!
No target in view!
b - 3 rations (gained 1)
You see here 14 bolts.
A hobgoblin comes into view. It is wielding a +0 club.
A hobgoblin is nearby!
You are feeling hungry.
A hobgoblin is nearby!
The helpless hobgoblin fails to defend itself.
You hit the hobgoblin. You burn the hobgoblin.
You kill the hobgoblin!
No target in view!
No target in view!
Eating a chunk of flesh {@w0}.
You eat the chunk of flesh {@w0}.
Things that are here:
a +0 club; a hobgoblin corpse
i - a scroll labeled HAXUH YLIANOA
d - 2 scrolls labeled VEDIOC XITIW (gained 1) Jessica the Apprentice Sorceress comes into view.
Jessica shouts!
Jessica points at you and mumbles some strange words.
Pain shoots through your body!
You take 8 damage, and have 12/20 hp.
MASSIVE DAMAGE!!
Jessica casts a spell.
Jessica blinks!
Jessica mumbles some strange words.
Jessica blinks!
Jessica drinks a potion.
Jessica suddenly seems more resistant.
Unknown command.
Jessica mumbles some strange words.
Jessica blinks!
Jessica points at you and mumbles some strange words.
Pain shoots through your body!
Ouch! That really hurt!
You die...

#......)# .. ####.####
#.# #.# #.# ### #.# #.#
..###.##### #.# #
#.#.......# #.#
#.#####.#.###.#.# ###.#
#..ยง.##.#.###.#.###....
#..@...............#
####@#.#.###.###.###
...#.#.###.# #.##.
#####.......# #.##.
##...#### #.[.. #...#
#.... #...######....
#........#.##.
######...####......


You could see Jessica.

Vanquished Creatures
  2 leopard geckos
  A giant cockroach (D:1)
  3 hobgoblins
  7 jackals (D:1)
  4 bats
  3 frilled lizards (D:1)
  A kobold (D:1)
  2 rats
23 creatures vanquished.

Notes
Turn   | Place    | Note
-------+----------+-------------------------------------------
     0 | D:1      | mhoghedin the Draconian Venom Mage began the quest for the
                  | Orb.
     0 | D:1      | Reached XP level 1. HP: 14/14 MP: 3/3
   384 | D:1      | Reached XP level 2. HP: 10/20 MP: 0/5
   596 | D:1      | Learned a level 2 spell: Poisonous Vapours
  1054 | D:1      | Reached skill level 4 in Poison Magic
  1575 | D:2      | Noticed Jessica
  1585 | D:2      | Killed from afar by Jessica

Levels and vault maps discovered:
D:1:      ncdulo_smallfort, layout_basic
D:2:      layout_loops_cross, due_unseen_surprise, uniq_jessica

Skill      XL: |  1  2 |
---------------+-------+-----
Poison Magic   | 4 |  4.2
Dodging        | |  1.7
Stealth        | |  1.7
Spellcasting   | |  2.0
Conjurations   | |  1.0

Action                   || total
-------------------------++-------
Melee: Dagger            ||    56
       Tailslap          ||     9
       Whip              ||    13
 Cast: Sting             ||    26
 Stab: Sleeping          ||     1
  Eat: Chunk             ||     3
Armor: Skin              ||    28
Dodge: Dodged            ||    75

Table legend:
 A = Non-vault XP
 B = Vault XP
 C = Vault XP percentage of total XP
 D = Non-vault monster count
 E = Vault monster count
 F = Vault count percentage of total count
                 A         B        C        D         E       F
            +---------+---------+-------+---------+---------+-------
      Total |      39 |       0 |   0.0 |      23 |       0 |   0.0
            +---------+---------+-------+---------+---------+-------
        D:1 |      30 |       0 |   0.0 |      18 |       0 |   0.0
        D:2 |       9 |       0 |   0.0 |       5 |       0 |   0.0
            +---------+---------+-------+---------+---------+-------

Levels and vault maps discovered:
D:1:      ncdulo_smallfort, layout_basic
D:2:      layout_loops_cross, due_unseen_surprise, uniq_jessica

Table legend:
 A = Turns spent in this place as a percentage of turns spent in the entire game.
 B = Non-inter-level travel turns spent in this place as a percentage of non-inter-level travel turns spent in the entire game.
 C = Inter-level travel turns spent in this place as a percentage of turns spent in this place.
 D = Turns resting spent in this place as a percentage of non-inter-level travel turns spent in this place.
 E = Turns spent auto-exploring this place as a percentage of non-inter-level travel turns spent in this place.
 F = Non-inter-level travel turns spent in this place divided by the number of levels of this place that you've seen.
                   A       B       C       D       E      F
               +-------+-------+-------+-------+-------+----------------------
         Total | 100.0 | 100.0 |   2.9 |  30.3 |  48.7 | 769.5
       Dungeon | 100.0 | 100.0 |   2.9 |  30.3 |  48.7 | 769.5
               +-------+-------+-------+-------+-------+----------------------

Table legend:
 A = Kills in this place as a percentage of kills in entire the game.
 B = Kills by you in this place as a percentage of kills by you in the entire game.
 C = Kills by friends in this place as a percentage of kills by friends in the entire game.
 D = Other kills in this place as a percentage of other kills in the entire game.
 E = Experience gained in this place as a percentage of experience gained in the entire game.
 F = Experience gained in this place divided by the number of levels of this place that you have seen.
                   A       B       C       D       E      F
               +-------+-------+-------+-------+-------+----------------------
         Total | 100.0 | 100.0 |   N/A |   N/A | 100.0 |  19.5
       Dungeon | 100.0 | 100.0 |   N/A |   N/A | 100.0 |  19.5
               +-------+-------+-------+-------+-------+----------------------
